Red Wings vs Blue Jackets

Created - 10 décembre 2014 at 21:19

Goals
1 2 3 T
Red Wings 1 1 0 2
Blue Jackets 2 2 1 5
Shots
1 2 3 T
Red Wings 16 8 10 34
Blue Jackets 16 12 10 38

1st period

1. Red Wings , Rick Nash 22 (Jason Spezza, Martin Havlat) at 9:09
2. Blue Jackets , Ramzi Abid 13 (Jan Bulis) at 12:51 (PP)
3. Blue Jackets , Pavel Bure 7 (Marc Savard) at 18:38 (PP)

Penalties :
Paul Martin (Det) for Roughing (Minor) at 12:16, Teemu Selanne (Det) for Holding (Minor) at 18:32, Jan Bulis (Clb) for Tripping (Minor) at 18:55

2nd period

4. Red Wings , Paul Martin 2 (Rick Nash, Martin Havlat) at 1:44
5. Blue Jackets , Jan Bulis 11 (Ramzi Abid, Branislav Mezei) at 4:54 (PP)
6. Blue Jackets , Ramzi Abid 14 (Blake Wheeler, Jan Bulis) at 8:33

Penalties :
Rick Nash (Det) for Hooking (Minor) at 4:14, Mike Brown (Det) for Roughing (Minor) at 14:38, Mike Brown (Det) for Tripping (Minor) at 19:42

3rd period

7. Blue Jackets , Jan Bulis 12 (Ramzi Abid, Blake Wheeler) at 14:47 (PP)

Penalties :
Maxim Kondratiev (Det) for Tripping (Minor) at 3:48, Brad Stuart (Clb) for Goalie Interference (Minor) at 8:34, Mike Brown (Det) for Cross-checking (Minor) at 14:11, Paul Martin (Det) for Tripping (Minor) at 15:01, Christian Laflamme (Det) for Interference (Minor) at 19:31

Goalie Stats

Jonathan Quick (Det), 33 saves from 38 shots - (0,868), L, 18-11-1, 60:00 minutes
Rick DiPietro (Clb), 32 saves from 34 shots - (0,941), W, 16-8-3, 60:00 minutes

Players Stats for Red Wings

Player Name              G  A  P  +/- PIM S  H  SB GA TA FO     MP     PP MP  PK MP  
------------------------------------------------------------------------------------
Brian Sutherby           0  0  0   0  0   1  0  0  1  0  2/4     7:41   0:00   0:00 
Christian Backman        0  0  0  -1  0   0  0  0  0  0  0/0    13:20   1:35   0:46 
Christian Laflamme       0  0  0   1  2   1  1  0  0  0  0/0    18:16   0:00   3:52 
Jason Spezza             0  1  1   2  0   3  4  0  0  1  26/49  25:20   2:07   7:15 
Lee Stempniak            0  0  0   0  0   0  2  0  0  1  0/0     7:49   0:05   0:00 
Martin Havlat            0  2  2   2  0   3  1  1  0  0  2/3    18:05   2:07   0:00 
Maxim Kondratiev         0  0  0   1  2   1  0  1  0  0  0/0    15:55   0:00   1:32 
Michal Grosek            0  0  0   0  0   0  0  0  0  0  0/0     8:17   0:00   0:36 
Mike Brown               0  0  0   0  6   0  2  0  0  0  1/1     9:39   0:00   0:00 
Mike Richards            0  0  0  -1  0   7  1  0  2  0  12/18  16:52   1:46   2:29 
Paul Martin              1  0  1   1  4   3  1  1  0  0  0/0    25:45   2:23   5:48 
Richard Jackman          0  0  0  -1  0   1  2  0  0  2  0/0    16:29   1:35   1:13 
Rick Nash                1  1  2   2  2   5  3  1  0  0  1/2    24:52   2:12   6:39 
Robert Dome              0  0  0   0  0   1  0  0  0  1  0/0    10:36   0:00   1:14 
Sean Bergenheim          0  0  0  -1  0   4  2  0  1  0  0/0    16:52   1:46   2:29 
Shawn Horcoff            0  0  0   0  0   1  1  1  1  0  1/2     9:29   0:05   0:00 
Shea Weber               0  0  0   1  0   1  2  0  1  1  0/0    30:12   2:23   7:31 
Teemu Selanne            0  0  0  -1  2   2  2  0  0  0  1/1    14:01   1:46   0:00 

Players Stats for Blue Jackets

Player Name              G  A  P  +/- PIM S  H  SB GA TA FO     MP     PP MP  PK MP  
------------------------------------------------------------------------------------
A.J Thelen               0  0  0  -1  0   0  2  3  0  0  0/0    10:27   0:00   0:45 
Adam Deadmarsh           0  0  0  -1  0   2  0  0  0  0  0/1    10:48   0:00   0:00 
Blake Wheeler            0  2  2   1  0   3  0  0  0  0  2/3    17:28   3:51   0:51 
Brad Stuart              0  0  0  -1  2   0  2  1  1  1  0/0    17:42   2:29   0:24 
Branislav Mezei          0  1  1   1  0   0  1  3  0  3  0/0    31:56   7:52   2:49 
Chris Kelly              0  0  0  -1  0   3  0  1  0  0  3/7    10:48   0:00   0:00 
Dave Steckel             0  0  0   0  0   2  2  0  0  0  1/4     6:36   0:00   0:00 
David Booth              0  0  0  -1  0   4  1  0  0  0  0/3    24:37   6:30   2:36 
François Beauchemin      0  0  0  -1  0   1  0  3  2  0  0/0    18:22   2:29   1:09 
Jan Bulis                2  2  4   1  2   3  0  0  0  0  6/16   16:36   3:51   0:00 
Jason Ward               0  0  0   0  0   0  3  0  0  0  0/0     6:36   0:00   0:00 
Jeff Taffe               0  0  0   0  0   2  0  0  0  1  0/0     7:07   0:00   0:31 
Marc Savard              0  1  1  -1  0   5  0  0  0  0  20/41  24:37   6:30   2:36 
Marcus Nilson            0  0  0  -1  0   4  1  1  0  0  1/2    11:32   0:09   0:31 
Mike Commodore           0  0  0  -1  0   0  0  1  0  0  0/0     9:42   0:00   0:00 
Pavel Bure               1  0  1  -1  0   3  4  0  0  0  1/3    22:53   6:21   0:51 
Ramzi Abid               2  2  4   1  0   4  2  0  0  0  0/0    16:17   3:51   0:00 
Wade Redden              0  0  0   1  0   2  1  1  3  1  0/0    31:56   7:52   2:49 

3 Stars

1 - Ramzi Abid (Clb)
2 - Jan Bulis (Clb)
3 - Rick Nash (Det)

Power Play

Red Wings - 0 on 2 Attempt(s) - 0,00%
Blue Jackets - 4 on 9 Attempt(s) - 44,44%

Penalty Kill

Red Wings - 5 on 9 Attempt(s) - 55,56% - Score 0 goal in Penalty Kill
Blue Jackets - 2 on 2 Attempt(s) - 100,00% - Score 0 goal in Penalty Kill

Official

Referees : O'Halloran Dan and Walsh Ian
Linesman : Andy McElman and Mark Pare

Game Notes

No Game Note

Finance

Level 1 -- Attendance: 4565 (76,08%) -- Ticket Income 410 850 $
Level 2 -- Attendance: 4203 (84,06%) -- Ticket Income 231 165 $
Level 3 -- Attendance: 2000 (100,00%) -- Ticket Income 60 000 $
Level 4 -- Attendance: 3627 (90,68%) -- Ticket Income 72 540 $
Luxury Box -- Attendance: 720 (72,00%) -- Ticket Income 133 200 $
Game was played at the Ohio State Arena
Total Attendance: 15115 (83,97%)
Total Ticket Income: 907 755 $
Other Income: 136 163 $
Total Income: 1 043 918 $

Red Wings

5 vs 5 Forward 
   Center                   Left Wing                Right Wing               Time % Phy DF OF 
 1 Jason Spezza             Rick Nash                Martin Havlat            40     1   2  2  
 2 Mike Richards            Sean Bergenheim          Teemu Selanne            30     1   2  2  
 3 Shawn Horcoff            Robert Dome              Mike Brown               20     1   2  2  
 4 Brian Sutherby           Michal Grosek            Lee Stempniak            10     1   2  2  

5 vs 5 Defense 
   Defense                  Defense                                           Time % Phy DF OF 
 1 Shea Weber               Paul Martin                                       40     1   2  2  
 2 Maxim Kondratiev         Christian Laflamme                                30     1   2  2  
 3 Christian Backman        Richard Jackman                                   20     1   2  2  
 4 Richard Jackman          Shea Weber                                        10     1   2  2  

PowerPlay Forward 
   Center                   Left Wing                Right Wing               Time % Phy DF OF 
 1 Jason Spezza             Rick Nash                Martin Havlat            60     1   2  2  
 2 Mike Richards            Sean Bergenheim          Teemu Selanne            40     1   2  2  

PowerPlay Defense
   Defense                  Defense                                           Time % Phy DF OF 
 1 Shea Weber               Paul Martin                                       60     1   2  2  
 2 Richard Jackman          Christian Backman                                 40     1   2  2  

Penalty Kill 4 Players Forward 
   Center                   Wing                     Time % Phy DF OF 
 1 Jason Spezza             Rick Nash                60     1   2  2  
 2 Mike Richards            Sean Bergenheim          40     1   2  2  

Penalty Kill 4 Players Defense
   Defense                  Defense                  Time % Phy DF OF 
 1 Shea Weber               Paul Martin              60     1   2  2  
 2 Maxim Kondratiev         Christian Laflamme       40     1   2  2  

Penalty Kill - 3 Players Forward 
   Forward                                           Time % Phy DF OF 
 1 Jason Spezza                                      60     1   2  2  
 2 Mike Richards                                     40     1   2  2  

Penalty Kill - 3 Players Defense
   Defense                  Defense                  Time % Phy DF OF 
 1 Shea Weber               Paul Martin              60     1   2  2  
 2 Maxim Kondratiev         Christian Laflamme       40     1   2  2  

4 vs 4 Forward 
   Center                   Wing                     Time % Phy DF OF 
 1 Jason Spezza             Rick Nash                60     1   2  2  
 2 Mike Richards            Teemu Selanne            40     1   2  2  

4 vs 4 Defense
   Defense                  Defense                  Time % Phy DF OF 
 1 Shea Weber               Paul Martin              60     1   2  2  
 2 Richard Jackman          Christian Backman        40     1   2  2  

Last Minutes Offensive
   Center                   Left Wing                Right Wing               Defense                  Defense                  
   Jason Spezza             Rick Nash                Martin Havlat            Shea Weber               Paul Martin              

Last Minutes Defensive
   Center                   Left Wing                Right Wing               Defense                  Defense                  
   Jason Spezza             Rick Nash                Martin Havlat            Shea Weber               Paul Martin              

Goaltenders
Starting : Jonathan Quick           
Backup : Scott Clemmensen         

Extra Forwards
Normal : Shawn Horcoff, Sean Bergenheim, Teemu Selanne - PP : Shawn Horcoff, Teemu Selanne - PK : Robert Dome
Extra Defensemen
Normal : Maxim Kondratiev, Christian Backman, Richard Jackman - PP : Maxim Kondratiev - PK : Christian Laflamme, Richard Jackman
Penalty Shots
Jason Spezza, Rick Nash, Mike Richards, Martin Havlat, Sean Bergenheim

Blue Jackets

5 vs 5 Forward 
   Center                   Left Wing                Right Wing               Time % Phy DF OF 
 1 Marc Savard              David Booth              Pavel Bure               40     1   2  2  
 2 Jan Bulis                Ramzi Abid               Blake Wheeler            28     1   2  2  
 3 Chris Kelly              Marcus Nilson            Adam Deadmarsh           22     1   2  2  
 4 Dave Steckel             Jeff Taffe               Jason Ward               10     1   2  2  

5 vs 5 Defense 
   Defense                  Defense                                           Time % Phy DF OF 
 1 Branislav Mezei          Wade Redden                                       40     1   2  2  
 2 François Beauchemin      Brad Stuart                                       30     1   2  2  
 3 Mike Commodore           A.J Thelen                                        20     1   2  2  
 4 Branislav Mezei          Wade Redden                                       10     1   2  2  

PowerPlay Forward 
   Center                   Left Wing                Right Wing               Time % Phy DF OF 
 1 Marc Savard              David Booth              Pavel Bure               60     1   2  2  
 2 Jan Bulis                Ramzi Abid               Blake Wheeler            40     1   2  2  

PowerPlay Defense
   Defense                  Defense                                           Time % Phy DF OF 
 1 Branislav Mezei          Wade Redden                                       60     1   2  2  
 2 François Beauchemin      Brad Stuart                                       40     1   2  2  

Penalty Kill 4 Players Forward 
   Center                   Wing                     Time % Phy DF OF 
 1 Marc Savard              David Booth              60     1   2  2  
 2 Pavel Bure               Blake Wheeler            40     1   2  2  

Penalty Kill 4 Players Defense
   Defense                  Defense                  Time % Phy DF OF 
 1 Branislav Mezei          Wade Redden              60     1   2  2  
 2 François Beauchemin      Brad Stuart              40     1   2  2  

Penalty Kill - 3 Players Forward 
   Forward                                           Time % Phy DF OF 
 1 Marc Savard                                       60     1   2  2  
 2 David Booth                                       40     1   2  2  

Penalty Kill - 3 Players Defense
   Defense                  Defense                  Time % Phy DF OF 
 1 Branislav Mezei          Wade Redden              60     1   2  2  
 2 François Beauchemin      Brad Stuart              40     1   2  2  

4 vs 4 Forward 
   Center                   Wing                     Time % Phy DF OF 
 1 Marc Savard              David Booth              60     1   2  2  
 2 Pavel Bure               Blake Wheeler            40     1   2  2  

4 vs 4 Defense
   Defense                  Defense                  Time % Phy DF OF 
 1 Branislav Mezei          Wade Redden              60     1   2  2  
 2 François Beauchemin      Brad Stuart              40     1   2  2  

Last Minutes Offensive
   Center                   Left Wing                Right Wing               Defense                  Defense                  
   Marc Savard              David Booth              Pavel Bure               Branislav Mezei          Wade Redden              

Last Minutes Defensive
   Center                   Left Wing                Right Wing               Defense                  Defense                  
   Marc Savard              David Booth              Pavel Bure               Branislav Mezei          Wade Redden              

Goaltenders
Starting : Rick DiPietro            
Backup : Mathieu Garon            

Extra Forwards
Normal : Marcus Nilson, Chris Kelly, Jeff Taffe - PP : Marcus Nilson, Chris Kelly - PK : Jeff Taffe
Extra Defensemen
Normal : Mike Commodore, A.J Thelen, François Beauchemin - PP : Mike Commodore - PK : A.J Thelen, François Beauchemin
Penalty Shots
Marc Savard, David Booth, Pavel Bure, Blake Wheeler, Ramzi Abid

% Time on Ice - Red Wings

Lines # - Real PCT - Wanted PCT - Time Play
Normal Forward
1 - 35% - 40% - 16:02
2 - 28% - 30% - 12:37
3 - 20% - 20% - 9:21
4 - 17% - 10% - 7:41
Normal Defense
1 - 39% - 40% - 17:36
2 - 32% - 30% - 14:33
3 - 24% - 20% - 10:49
4 - 6% - 10% - 2:43
PP Forward
1 - 55% - 60% - 2:12
2 - 45% - 40% - 1:46
PP Defense
1 - 60% - 60% - 2:23
2 - 40% - 40% - 1:35
PK Forward
1 - 76% - 60% - 7:52
2 - 24% - 40% - 2:29
PK Defense
1 - 78% - 60% - 8:05
2 - 22% - 40% - 2:16
PK3 Forward
1 - 0% - 60%
2 - 0% - 40%
PK3 Defense
1 - 0% - 60%
2 - 0% - 40%
44 Forward
1 - 0% - 60%
2 - 0% - 40%
44 Defense
1 - 0% - 60%
2 - 0% - 40%
Last Minute Offensive  - 0:00
Last Minute Defensive  - 0:00
Total
Forward - 60:00
Defense - 60:00

% Time on Ice - Blue Jackets

Lines # - Real PCT - Wanted PCT - Time Play
Normal Forward
1 - 34% - 40% - 15:31
2 - 28% - 28% - 12:46
3 - 24% - 22% - 10:48
4 - 14% - 10% - 6:36
Normal Defense
1 - 40% - 40% - 18:15
2 - 32% - 30% - 14:44
3 - 21% - 20% - 9:42
4 - 7% - 10% - 3:00
PP Forward
1 - 63% - 60% - 6:30
2 - 37% - 40% - 3:51
PP Defense
1 - 76% - 60% - 7:52
2 - 24% - 40% - 2:29
PK Forward
1 - 79% - 60% - 3:07
2 - 21% - 40% - 0:51
PK Defense
1 - 71% - 60% - 2:49
2 - 29% - 40% - 1:09
PK3 Forward
1 - 0% - 60%
2 - 0% - 40%
PK3 Defense
1 - 0% - 60%
2 - 0% - 40%
44 Forward
1 - 0% - 60%
2 - 0% - 40%
44 Defense
1 - 0% - 60%
2 - 0% - 40%
Last Minute Offensive  - 0:00
Last Minute Defensive  - 0:00
Total
Forward - 60:00
Defense - 60:00

Play by Play

1st period


0:01 of 1st period - Marc Savard wins face-off versus Jason Spezza in neutral zone.
0:10 of 1st period - Off-side.
0:11 of 1st period - Mike Richards wins face-off versus Jan Bulis in neutral zone.
0:27 of 1st period - Icing by Christian Laflamme.
0:28 of 1st period - Mike Richards wins face-off versus Adam Deadmarsh in Red Wings zone.
0:49 of 1st period - Slapshot by Mike Richards.
0:49 of 1st period - Shot Blocked by A.J Thelen.
0:51 of 1st period - Snap shot by Christian Laflamme.
0:51 of 1st period - Deflect By Sean Bergenheim.
0:51 of 1st period - Stopped by Rick DiPietro without a rebound.
0:52 of 1st period - Mike Brown wins face-off versus Pavel Bure in Blue Jackets zone.
1:47 of 1st period - Snap shot by Blake Wheeler.
1:47 of 1st period - Stopped by Jonathan Quick without a rebound.
1:48 of 1st period - Pavel Bure wins face-off versus Jason Spezza in Red Wings zone.
2:15 of 1st period - Paul Martin is hit by Ramzi Abid and loses puck.
2:36 of 1st period - Christian Laflamme is hit by A.J Thelen and loses puck.
2:47 of 1st period - Snap shot by Marcus Nilson.
2:47 of 1st period - Stopped by Jonathan Quick with a rebound.
3:25 of 1st period - Rick Nash is hit by Pavel Bure and loses puck.
4:10 of 1st period - Wrist shot by Marcus Nilson.
4:10 of 1st period - Shot Misses the Net.
4:24 of 1st period - Paul Martin is hit by Jason Ward and loses puck.
4:52 of 1st period - Slapshot by Jason Spezza.
4:52 of 1st period - Shot Misses the Net.
5:19 of 1st period - Icing by Branislav Mezei.
5:20 of 1st period - Mike Richards wins face-off versus Chris Kelly in Blue Jackets zone.
5:25 of 1st period - Snap shot by Sean Bergenheim.
5:25 of 1st period - Shot Blocked by Branislav Mezei.
5:31 of 1st period - Slapshot by Wade Redden.
5:31 of 1st period - Stopped by Jonathan Quick with a rebound.
6:20 of 1st period - Slapshot by Robert Dome.
6:20 of 1st period - Shot Misses the Net.
6:56 of 1st period - Slapshot by Jeff Taffe.
6:56 of 1st period - Stopped by Jonathan Quick without a rebound.
6:57 of 1st period - Mike Richards wins face-off versus Marc Savard in Red Wings zone.
7:21 of 1st period - Icing by Jason Spezza.
7:22 of 1st period - Jason Spezza wins face-off versus Blake Wheeler in Red Wings zone.
7:55 of 1st period - Wrist shot by Sean Bergenheim.
7:55 of 1st period - Stopped by Rick DiPietro with a rebound.
8:55 of 1st period - Off-side.
8:56 of 1st period - Jason Spezza wins face-off versus Pavel Bure in neutral zone.
9:09 of 1st period - Snap shot by Rick Nash.
9:09 of 1st period - Goal by Rick Nash - Red Wings : 1 - Blue Jackets : 0.
9:10 of 1st period - Marc Savard wins face-off versus Jason Spezza in neutral zone.
9:13 of 1st period - Wrist shot by Marc Savard.
9:13 of 1st period - Shot Misses the Net.
9:17 of 1st period - Snap shot by Marc Savard.
9:17 of 1st period - Stopped by Jonathan Quick with a rebound.
9:19 of 1st period - Slapshot by Wade Redden.
9:19 of 1st period - Stopped by Jonathan Quick with a rebound.
9:21 of 1st period - Wrist shot by David Booth.
9:21 of 1st period - Stopped by Jonathan Quick without a rebound.
9:22 of 1st period - Martin Havlat wins face-off versus Marc Savard in Red Wings zone.
9:22 of 1st period - Martin Havlat is hit by Pavel Bure.
9:32 of 1st period - Wrist shot by Martin Havlat.
9:32 of 1st period - Stopped by Rick DiPietro without a rebound.
9:33 of 1st period - Jason Spezza wins face-off versus Marc Savard in Blue Jackets zone.
9:38 of 1st period - Wrist shot by Martin Havlat.
9:38 of 1st period - Stopped by Rick DiPietro with a rebound.
10:24 of 1st period - Branislav Mezei is hit by Lee Stempniak and loses puck.
10:39 of 1st period - Wrist shot by Ramzi Abid.
10:39 of 1st period - Stopped by Jonathan Quick without a rebound.
10:40 of 1st period - Jason Spezza wins face-off versus Marc Savard in Red Wings zone.
10:55 of 1st period - Wrist shot by Jason Spezza.
10:55 of 1st period - Shot Misses the Net.
11:05 of 1st period - Teemu Selanne is hit by Dave Steckel and loses puck.
11:34 of 1st period - Wrist shot by Chris Kelly.
11:34 of 1st period - Stopped by Jonathan Quick without a rebound.
11:35 of 1st period - Marc Savard wins face-off versus Jason Spezza in Red Wings zone.
11:44 of 1st period - Slapshot by Jason Spezza.
11:44 of 1st period - Shot Misses the Net.
11:46 of 1st period - Slapshot by Paul Martin.
11:46 of 1st period - Deflect By Martin Havlat.
11:46 of 1st period - Shot Blocked by Branislav Mezei.
11:46 of 1st period - Puck is out of play.
11:47 of 1st period - Marc Savard wins face-off versus Jason Spezza in Blue Jackets zone.
11:51 of 1st period - Off-side.
11:52 of 1st period - Marc Savard wins face-off versus Jason Spezza in neutral zone.
11:54 of 1st period - Off-side.
11:55 of 1st period - Jason Spezza wins face-off versus Marc Savard in neutral zone.
12:06 of 1st period - Snap shot by Marc Savard.
12:06 of 1st period - Stopped by Jonathan Quick with a rebound.
12:16 of 1st period - Minor Penalty to Paul Martin for Roughing.
12:17 of 1st period - Jason Spezza wins face-off versus Marc Savard in Red Wings zone.
12:51 of 1st period - Slapshot by Ramzi Abid.
12:51 of 1st period - Goal by Ramzi Abid - Red Wings : 1 - Blue Jackets : 1.
12:52 of 1st period - Mike Richards wins face-off versus Jan Bulis in neutral zone.
12:54 of 1st period - Off-side.
12:55 of 1st period - Jan Bulis wins face-off versus Mike Richards in neutral zone.
13:06 of 1st period - Snap shot by Mike Richards.
13:06 of 1st period - Deflect By Wade Redden.
13:06 of 1st period - Stopped by Rick DiPietro without a rebound.
13:07 of 1st period - Marc Savard wins face-off versus Jason Spezza in Blue Jackets zone.
13:38 of 1st period - Snap shot by Mike Richards.
13:38 of 1st period - Stopped by Rick DiPietro without a rebound.
13:39 of 1st period - Mike Richards wins face-off versus Jan Bulis in Blue Jackets zone.
13:40 of 1st period - Wrist shot by Sean Bergenheim.
13:40 of 1st period - Shot Blocked by François Beauchemin.
13:42 of 1st period - Wrist shot by Mike Richards.
13:42 of 1st period - Shot Misses the Net.
13:44 of 1st period - Wrist shot by Sean Bergenheim.
13:44 of 1st period - Stopped by Rick DiPietro with a rebound.
13:46 of 1st period - Slapshot by Maxim Kondratiev.
13:46 of 1st period - Shot Misses the Net.
13:48 of 1st period - Slapshot by Maxim Kondratiev.
13:48 of 1st period - Shot Misses the Net.
13:50 of 1st period - Wrist shot by Christian Laflamme.
13:50 of 1st period - Stopped by Rick DiPietro with a rebound.
14:14 of 1st period - Snap shot by Marc Savard.
14:14 of 1st period - Stopped by Jonathan Quick with a rebound.
14:29 of 1st period - Wade Redden is hit by Rick Nash and loses puck.
14:46 of 1st period - Slapshot by Shea Weber.
14:46 of 1st period - Shot Blocked by Wade Redden.
15:12 of 1st period - Backhand shot by Mike Richards.
15:12 of 1st period - Stopped by Rick DiPietro with a rebound.
15:14 of 1st period - Wrist shot by Mike Richards.
15:14 of 1st period - Stopped by Rick DiPietro without a rebound.
15:15 of 1st period - Teemu Selanne wins face-off versus Marc Savard in Blue Jackets zone.
15:28 of 1st period - Backhand shot by Mike Richards.
15:28 of 1st period - Stopped by Rick DiPietro with a rebound.
15:30 of 1st period - Snap shot by Teemu Selanne.
15:30 of 1st period - Shot Misses the Net.
15:32 of 1st period - Slapshot by Shea Weber.
15:32 of 1st period - Stopped by Rick DiPietro with a rebound.
15:34 of 1st period - Slapshot by Shea Weber.
15:34 of 1st period - Shot Misses the Net.
15:36 of 1st period - Snap shot by Shea Weber.
15:36 of 1st period - Shot Blocked by François Beauchemin.
15:46 of 1st period - Snap shot by Teemu Selanne.
15:46 of 1st period - Shot Misses the Net.
15:58 of 1st period - Snap shot by Mike Richards.
15:58 of 1st period - Stopped by Rick DiPietro with a rebound.
16:00 of 1st period - Wrist shot by Teemu Selanne.
16:00 of 1st period - Stopped by Rick DiPietro without a rebound.
16:01 of 1st period - Jason Spezza wins face-off versus Jan Bulis in Blue Jackets zone.
16:04 of 1st period - Wrist shot by Rick Nash.
16:04 of 1st period - Deflect By Martin Havlat.
16:04 of 1st period - Shot Blocked by Branislav Mezei.
16:04 of 1st period - Puck is out of play.
16:05 of 1st period - Blake Wheeler wins face-off versus Jason Spezza in Blue Jackets zone.
16:52 of 1st period - Off-side.
16:53 of 1st period - Marc Savard wins face-off versus Brian Sutherby in neutral zone.
17:17 of 1st period - Off-side.
17:18 of 1st period - Jan Bulis wins face-off versus Jason Spezza in neutral zone.
17:43 of 1st period - Mike Brown is hit by Pavel Bure and loses puck.
17:48 of 1st period - Wrist shot by Marc Savard.
17:48 of 1st period - Deflect By Pavel Bure.
17:48 of 1st period - Stopped by Jonathan Quick without a rebound.
17:49 of 1st period - Marc Savard wins face-off versus Jason Spezza in Red Wings zone.
18:02 of 1st period - Wrist shot by Marc Savard.
18:02 of 1st period - Stopped by Jonathan Quick with a rebound.
18:04 of 1st period - Wrist shot by David Booth.
18:04 of 1st period - Shot Hit the Post.
18:06 of 1st period - Snap shot by Marc Savard.
18:06 of 1st period - Shot Misses the Net.
18:08 of 1st period - Snap shot by Pavel Bure.
18:08 of 1st period - Deflect By David Booth.
18:08 of 1st period - Stopped by Jonathan Quick without a rebound.
18:09 of 1st period - Chris Kelly wins face-off versus Mike Richards in Red Wings zone.
18:22 of 1st period - Wrist shot by Sean Bergenheim.
18:22 of 1st period - Shot Blocked by Marcus Nilson.
18:32 of 1st period - Minor Penalty to Teemu Selanne for Holding.
18:33 of 1st period - Marc Savard wins face-off versus Jason Spezza in Red Wings zone.
18:34 of 1st period - Snap shot by Pavel Bure.
18:34 of 1st period - Shot Misses the Net.
18:36 of 1st period - Snap shot by Marc Savard.
18:36 of 1st period - Shot Misses the Net.
18:38 of 1st period - Slapshot by Pavel Bure.
18:38 of 1st period - Goal by Pavel Bure - Red Wings : 1 - Blue Jackets : 2.
18:39 of 1st period - Jason Spezza wins face-off versus Jan Bulis in neutral zone.
18:42 of 1st period - Snap shot by Jason Spezza.
18:42 of 1st period - Stopped by Rick DiPietro without a rebound.
18:43 of 1st period - Jason Spezza wins face-off versus Jan Bulis in Blue Jackets zone.
18:55 of 1st period - Minor Penalty to Jan Bulis for Tripping.
18:56 of 1st period - Jason Spezza wins face-off versus Marc Savard in Blue Jackets zone.
19:28 of 1st period - Slapshot by Paul Martin.
19:28 of 1st period - Deflect By Teemu Selanne.
19:28 of 1st period - Shot Misses the Net.
19:28 of 1st period - Puck is out of play.
19:29 of 1st period - Marc Savard wins face-off versus Martin Havlat in Blue Jackets zone.
19:29 of 1st period - Marc Savard is hit by Martin Havlat.
Goals for this period are 1 for Red Wings vs 2 for Blue Jackets.
Shots for this period are 16 for Red Wings vs 16 for Blue Jackets.

2nd period


0:01 of 2nd period - Jason Spezza wins face-off versus Marc Savard in neutral zone.
0:12 of 2nd period - Snap shot by Rick Nash.
0:12 of 2nd period - Stopped by Rick DiPietro without a rebound.
0:13 of 2nd period - Marc Savard wins face-off versus Jason Spezza in Blue Jackets zone.
0:55 of 2nd period - Penalty to Jan Bulis is over, Jan Bulis is back on ice.
1:28 of 2nd period - Wrist shot by Chris Kelly.
1:28 of 2nd period - Stopped by Jonathan Quick without a rebound.
1:29 of 2nd period - Jason Spezza wins face-off versus Marcus Nilson in Red Wings zone.
1:40 of 2nd period - Slapshot by Martin Havlat.
1:40 of 2nd period - Stopped by Rick DiPietro with a rebound.
1:42 of 2nd period - Wrist shot by Rick Nash.
1:42 of 2nd period - Shot Hit the Post.
1:44 of 2nd period - Slapshot by Paul Martin.
1:44 of 2nd period - Goal by Paul Martin - Red Wings : 2 - Blue Jackets : 2.
1:45 of 2nd period - Jason Spezza wins face-off versus Marc Savard in neutral zone.
2:12 of 2nd period - Blake Wheeler is hit by Mike Brown and loses puck.
2:23 of 2nd period - Snap shot by Jan Bulis.
2:23 of 2nd period - Shot Blocked by Paul Martin.
2:25 of 2nd period - Snap shot by Branislav Mezei.
2:25 of 2nd period - Shot Misses the Net.
2:40 of 2nd period - Icing by Wade Redden.
2:41 of 2nd period - Chris Kelly wins face-off versus Jason Spezza in Blue Jackets zone.
3:37 of 2nd period - Wrist shot by Marcus Nilson.
3:37 of 2nd period - Shot Blocked by Maxim Kondratiev.
3:39 of 2nd period - Snap shot by Mike Commodore.
3:39 of 2nd period - Shot Misses the Net.
3:41 of 2nd period - Snap shot by Mike Commodore.
3:41 of 2nd period - Deflect By Marcus Nilson.
3:41 of 2nd period - Stopped by Jonathan Quick with a rebound.
3:43 of 2nd period - Slapshot by Adam Deadmarsh.
3:43 of 2nd period - Stopped by Jonathan Quick with a rebound.
3:45 of 2nd period - Slapshot by Chris Kelly.
3:45 of 2nd period - Shot Misses the Net.
3:47 of 2nd period - Snap shot by Adam Deadmarsh.
3:47 of 2nd period - Shot Misses the Net.
3:49 of 2nd period - Snap shot by A.J Thelen.
3:49 of 2nd period - Deflect By Chris Kelly.
3:49 of 2nd period - Shot Misses the Net.
3:49 of 2nd period - Puck is out of play.
3:50 of 2nd period - Jason Spezza wins face-off versus David Booth in Red Wings zone.
3:50 of 2nd period - Jason Spezza is hit by Brad Stuart.
4:14 of 2nd period - Minor Penalty to Rick Nash for Hooking.
4:15 of 2nd period - Jason Spezza wins face-off versus Marc Savard in Red Wings zone.
4:54 of 2nd period - Snap shot by Jan Bulis.
4:54 of 2nd period - Goal by Jan Bulis - Red Wings : 2 - Blue Jackets : 3.
4:55 of 2nd period - Mike Richards wins face-off versus Marc Savard in neutral zone.
5:43 of 2nd period - François Beauchemin is hit by Shea Weber and loses puck.
5:48 of 2nd period - Wrist shot by Shawn Horcoff.
5:48 of 2nd period - Shot Blocked by Brad Stuart.
6:25 of 2nd period - David Booth is hit by Mike Richards and loses puck.
6:51 of 2nd period - Brad Stuart is hit by Jason Spezza and loses puck.
7:32 of 2nd period - Wrist shot by Brian Sutherby.
7:32 of 2nd period - Shot Misses the Net.
7:34 of 2nd period - Slapshot by Maxim Kondratiev.
7:34 of 2nd period - Stopped by Rick DiPietro without a rebound.
7:35 of 2nd period - Marc Savard wins face-off versus Jason Spezza in Blue Jackets zone.
7:44 of 2nd period - Wrist shot by Marc Savard.
7:44 of 2nd period - Stopped by Jonathan Quick with a rebound.
7:49 of 2nd period - Paul Martin is hit by Branislav Mezei and loses puck.
8:00 of 2nd period - Pavel Bure is hit by Shea Weber and loses puck.
8:09 of 2nd period - Wrist shot by Robert Dome.
8:09 of 2nd period - Deflect By Shawn Horcoff.
8:09 of 2nd period - Stopped by Rick DiPietro with a rebound.
8:33 of 2nd period - Wrist shot by Ramzi Abid.
8:33 of 2nd period - Goal by Ramzi Abid - Red Wings : 2 - Blue Jackets : 4.
8:34 of 2nd period - Martin Havlat wins face-off versus Jan Bulis in neutral zone.
9:09 of 2nd period - Icing by Richard Jackman.
9:10 of 2nd period - Jan Bulis wins face-off versus Mike Richards in Red Wings zone.
9:17 of 2nd period - Slapshot by Richard Jackman.
9:17 of 2nd period - Stopped by Rick DiPietro without a rebound.
9:18 of 2nd period - Jason Spezza wins face-off versus Jan Bulis in Blue Jackets zone.
10:24 of 2nd period - Jason Ward is hit by Richard Jackman and loses puck.
10:33 of 2nd period - Snap shot by Brian Sutherby.
10:33 of 2nd period - Shot Blocked by A.J Thelen.
10:51 of 2nd period - A.J Thelen is hit by Rick Nash and loses puck.
11:00 of 2nd period - Jason Spezza is hit by Marcus Nilson and loses puck.
11:38 of 2nd period - Snap shot by Brian Sutherby.
11:38 of 2nd period - Shot Blocked by A.J Thelen.
11:48 of 2nd period - Shea Weber is hit by Jason Ward and loses puck.
12:19 of 2nd period - Slapshot by Paul Martin.
12:19 of 2nd period - Stopped by Rick DiPietro without a rebound.
12:20 of 2nd period - Marc Savard wins face-off versus Jason Spezza in Blue Jackets zone.
12:29 of 2nd period - Slapshot by Marc Savard.
12:29 of 2nd period - Shot Misses the Net.
12:45 of 2nd period - Wade Redden is hit by Teemu Selanne.
13:09 of 2nd period - Blake Wheeler is hit by Richard Jackman.
13:32 of 2nd period - Snap shot by Martin Havlat.
13:32 of 2nd period - Shot Misses the Net.
13:50 of 2nd period - Michal Grosek is hit by Pavel Bure and loses puck.
14:38 of 2nd period - Minor Penalty to Mike Brown for Roughing.
14:39 of 2nd period - Jason Spezza wins face-off versus David Booth in Red Wings zone.
14:51 of 2nd period - Snap shot by David Booth.
14:51 of 2nd period - Stopped by Jonathan Quick without a rebound.
14:52 of 2nd period - Jason Spezza wins face-off versus Marc Savard in Red Wings zone.
15:05 of 2nd period - Shea Weber is hit by Wade Redden.
15:09 of 2nd period - Marc Savard is hit by Jason Spezza and loses puck.
15:42 of 2nd period - Off-side.
15:43 of 2nd period - Jan Bulis wins face-off versus Mike Richards in neutral zone.
16:38 of 2nd period - Penalty to Mike Brown is over, Mike Brown is back on ice.
16:54 of 2nd period - Wrist shot by Chris Kelly.
16:54 of 2nd period - Stopped by Jonathan Quick with a rebound.
16:56 of 2nd period - Wrist shot by Branislav Mezei.
16:56 of 2nd period - Deflect By Adam Deadmarsh.
16:56 of 2nd period - Stopped by Jonathan Quick with a rebound.
17:08 of 2nd period - A.J Thelen is hit by Shawn Horcoff.
17:12 of 2nd period - Slapshot by Dave Steckel.
17:12 of 2nd period - Stopped by Jonathan Quick without a rebound.
17:13 of 2nd period - Dave Steckel wins face-off versus Mike Richards in Red Wings zone.
17:16 of 2nd period - Slapshot by François Beauchemin.
17:16 of 2nd period - Shot Misses the Net.
17:18 of 2nd period - Slapshot by François Beauchemin.
17:18 of 2nd period - Stopped by Jonathan Quick without a rebound.
17:19 of 2nd period - Mike Richards wins face-off versus Dave Steckel in Red Wings zone.
18:14 of 2nd period - Snap shot by Brian Sutherby.
18:14 of 2nd period - Shot Misses the Net.
18:50 of 2nd period - Slapshot by Rick Nash.
18:50 of 2nd period - Deflect By Jan Bulis.
18:50 of 2nd period - Stopped by Rick DiPietro without a rebound.
18:51 of 2nd period - Chris Kelly wins face-off versus Jason Spezza in Blue Jackets zone.
18:51 of 2nd period - Chris Kelly is hit by Rick Nash.
19:01 of 2nd period - Rick Nash is hit by A.J Thelen and loses puck.
19:40 of 2nd period - Wrist shot by Dave Steckel.
19:40 of 2nd period - Stopped by Jonathan Quick with a rebound.
19:42 of 2nd period - Minor Penalty to Mike Brown for Tripping.
19:43 of 2nd period - Rick Nash wins face-off versus Marc Savard in Red Wings zone.
19:43 of 2nd period - Rick Nash is hit by David Booth.
Goals for this period are 1 for Red Wings vs 2 for Blue Jackets.
Shots for this period are 8 for Red Wings vs 12 for Blue Jackets.

3rd period


0:01 of 3rd period - Jason Spezza wins face-off versus Marc Savard in neutral zone.
0:16 of 3rd period - Slapshot by Rick Nash.
0:16 of 3rd period - Deflect By Jason Spezza.
0:16 of 3rd period - Shot Misses the Net.
0:16 of 3rd period - Puck is out of play.
0:17 of 3rd period - Jan Bulis wins face-off versus Jason Spezza in Blue Jackets zone.
0:55 of 3rd period - Wrist shot by Rick Nash.
0:55 of 3rd period - Stopped by Rick DiPietro without a rebound.
0:56 of 3rd period - Mike Richards wins face-off versus Jan Bulis in Blue Jackets zone.
1:05 of 3rd period - Snap shot by Sean Bergenheim.
1:05 of 3rd period - Shot Blocked by François Beauchemin.
1:42 of 3rd period - Penalty to Mike Brown is over, Mike Brown is back on ice.
1:59 of 3rd period - Wrist shot by Dave Steckel.
1:59 of 3rd period - Deflect By Jeff Taffe.
1:59 of 3rd period - Stopped by Jonathan Quick without a rebound.
2:00 of 3rd period - Brian Sutherby wins face-off versus Dave Steckel in Red Wings zone.
2:25 of 3rd period - Richard Jackman is hit by Brad Stuart and loses puck.
2:34 of 3rd period - Wrist shot by David Booth.
2:34 of 3rd period - Stopped by Jonathan Quick with a rebound.
2:36 of 3rd period - Slapshot by Pavel Bure.
2:36 of 3rd period - Shot Misses the Net.
2:38 of 3rd period - Backhand shot by Mike Commodore.
2:38 of 3rd period - Shot Blocked by Shawn Horcoff.
3:13 of 3rd period - Wrist shot by Marcus Nilson.
3:13 of 3rd period - Stopped by Jonathan Quick without a rebound.
3:14 of 3rd period - Mike Richards wins face-off versus David Booth in Red Wings zone.
3:48 of 3rd period - Minor Penalty to Maxim Kondratiev for Tripping.
3:49 of 3rd period - Marc Savard wins face-off versus Jason Spezza in Red Wings zone.
3:49 of 3rd period - Snap shot by Pavel Bure.
3:49 of 3rd period - Stopped by Jonathan Quick without a rebound.
3:50 of 3rd period - Marc Savard wins face-off versus Jason Spezza in Red Wings zone.
3:57 of 3rd period - Slapshot by Shea Weber.
3:57 of 3rd period - Shot Misses the Net.
3:59 of 3rd period - Wrist shot by Rick Nash.
3:59 of 3rd period - Stopped by Rick DiPietro with a rebound.
4:01 of 3rd period - Snap shot by Jason Spezza.
4:01 of 3rd period - Stopped by Rick DiPietro without a rebound.
4:02 of 3rd period - Jason Spezza wins face-off versus Marc Savard in Blue Jackets zone.
4:47 of 3rd period - Brad Stuart is hit by Paul Martin and loses puck.
5:02 of 3rd period - Richard Jackman is hit by Ramzi Abid and loses puck.
5:48 of 3rd period - Penalty to Maxim Kondratiev is over, Maxim Kondratiev is back on ice.
6:10 of 3rd period - Wrist shot by Marcus Nilson.
6:10 of 3rd period - Deflect By Teemu Selanne.
6:10 of 3rd period - Shot Misses the Net.
6:10 of 3rd period - Puck is out of play.
6:11 of 3rd period - Marcus Nilson wins face-off versus Shawn Horcoff in Red Wings zone.
6:14 of 3rd period - Wrist shot by Marcus Nilson.
6:14 of 3rd period - Stopped by Jonathan Quick without a rebound.
6:15 of 3rd period - Shawn Horcoff wins face-off versus Chris Kelly in Red Wings zone.
6:30 of 3rd period - Wrist shot by Robert Dome.
6:30 of 3rd period - Stopped by Rick DiPietro without a rebound.
6:31 of 3rd period - Marc Savard wins face-off versus Jason Spezza in Blue Jackets zone.
7:03 of 3rd period - Slapshot by Mike Richards.
7:03 of 3rd period - Shot Misses the Net.
7:05 of 3rd period - Snap shot by Sean Bergenheim.
7:05 of 3rd period - Stopped by Rick DiPietro without a rebound.
7:06 of 3rd period - Jan Bulis wins face-off versus Rick Nash in Blue Jackets zone.
7:31 of 3rd period - Marc Savard is hit by Sean Bergenheim and loses puck.
7:40 of 3rd period - Wrist shot by Mike Richards.
7:40 of 3rd period - Stopped by Rick DiPietro without a rebound.
7:41 of 3rd period - Jason Spezza wins face-off versus Marc Savard in Blue Jackets zone.
7:48 of 3rd period - Slapshot by David Booth.
7:48 of 3rd period - Shot Misses the Net.
7:52 of 3rd period - Snap shot by Marc Savard.
7:52 of 3rd period - Shot Misses the Net.
8:34 of 3rd period - Minor Penalty to Brad Stuart for Goalie Interference.
8:35 of 3rd period - Marc Savard wins face-off versus Mike Richards in Blue Jackets zone.
8:53 of 3rd period - Marc Savard is hit by Sean Bergenheim and loses puck.
10:24 of 3rd period - Branislav Mezei is hit by Teemu Selanne and loses puck.
10:34 of 3rd period - Penalty to Brad Stuart is over, Brad Stuart is back on ice.
10:49 of 3rd period - Ramzi Abid is hit by Mike Brown and loses puck.
11:13 of 3rd period - Snap shot by Lee Stempniak.
11:13 of 3rd period - Shot Blocked by Chris Kelly.
11:15 of 3rd period - Snap shot by Paul Martin.
11:15 of 3rd period - Deflect By Mike Commodore.
11:15 of 3rd period - Stopped by Rick DiPietro without a rebound.
11:16 of 3rd period - Brian Sutherby wins face-off versus Jan Bulis in Blue Jackets zone.
11:25 of 3rd period - Slapshot by Blake Wheeler.
11:25 of 3rd period - Stopped by Jonathan Quick without a rebound.
11:26 of 3rd period - Blake Wheeler wins face-off versus Brian Sutherby in Red Wings zone.
11:27 of 3rd period - Snap shot by Jan Bulis.
11:27 of 3rd period - Stopped by Jonathan Quick with a rebound.
11:29 of 3rd period - Snap shot by Ramzi Abid.
11:29 of 3rd period - Shot Misses the Net.
11:31 of 3rd period - Snap shot by Blake Wheeler.
11:31 of 3rd period - Stopped by Jonathan Quick with a rebound.
11:58 of 3rd period - Off-side.
11:59 of 3rd period - Marc Savard wins face-off versus Jason Spezza in neutral zone.
12:18 of 3rd period - Marc Savard is hit by Jason Spezza and loses puck.
13:12 of 3rd period - Chris Kelly is hit by Lee Stempniak and loses puck.
13:17 of 3rd period - Snap shot by Brian Sutherby.
13:17 of 3rd period - Stopped by Rick DiPietro without a rebound.
13:18 of 3rd period - Jason Spezza wins face-off versus Chris Kelly in Blue Jackets zone.
13:25 of 3rd period - Wrist shot by Jason Spezza.
13:25 of 3rd period - Stopped by Rick DiPietro with a rebound.
13:43 of 3rd period - Snap shot by Jeff Taffe.
13:43 of 3rd period - Shot Blocked by Rick Nash.
13:45 of 3rd period - Snap shot by Jeff Taffe.
13:45 of 3rd period - Deflect By Jason Ward.
13:45 of 3rd period - Shot Blocked by Martin Havlat.
13:45 of 3rd period - Puck is out of play.
13:46 of 3rd period - Mike Richards wins face-off versus Dave Steckel in Red Wings zone.
13:46 of 3rd period - Mike Richards is hit by Jason Ward.
14:11 of 3rd period - Minor Penalty to Mike Brown for Cross-checking.
14:12 of 3rd period - Jason Spezza wins face-off versus Marc Savard in Red Wings zone.
14:45 of 3rd period - Snap shot by Ramzi Abid.
14:45 of 3rd period - Stopped by Jonathan Quick with a rebound.
14:47 of 3rd period - Slapshot by Jan Bulis.
14:47 of 3rd period - Goal by Jan Bulis - Red Wings : 2 - Blue Jackets : 5.
14:48 of 3rd period - Jason Spezza wins face-off versus Marc Savard in neutral zone.
14:59 of 3rd period - Marc Savard is hit by Jason Spezza and loses puck.
15:01 of 3rd period - Minor Penalty to Paul Martin for Tripping.
15:02 of 3rd period - Jason Spezza wins face-off versus Marc Savard in Red Wings zone.
17:01 of 3rd period - Penalty to Paul Martin is over, Paul Martin is back on ice.
17:10 of 3rd period - Lee Stempniak is hit by Dave Steckel and loses puck.
17:40 of 3rd period - Icing by Marcus Nilson.
17:41 of 3rd period - Mike Richards wins face-off versus Chris Kelly in Blue Jackets zone.
17:42 of 3rd period - Wrist shot by Teemu Selanne.
17:42 of 3rd period - Stopped by Rick DiPietro with a rebound.
17:54 of 3rd period - Slapshot by Richard Jackman.
17:54 of 3rd period - Shot Blocked by Mike Commodore.
18:38 of 3rd period - François Beauchemin is hit by Christian Laflamme and loses puck.
18:57 of 3rd period - Snap shot by Pavel Bure.
18:57 of 3rd period - Deflect By Brian Sutherby.
18:57 of 3rd period - Shot Hit the Post.
18:57 of 3rd period - Puck is out of play.
18:58 of 3rd period - Jason Spezza wins face-off versus Marc Savard in Red Wings zone.
19:04 of 3rd period - Icing by Branislav Mezei.
19:05 of 3rd period - Marc Savard wins face-off versus Jason Spezza in Blue Jackets zone.
19:31 of 3rd period - Minor Penalty to Christian Laflamme for Interference.
19:32 of 3rd period - Marc Savard wins face-off versus Jason Spezza in Red Wings zone.
Goals for this period are 0 for Red Wings vs 1 for Blue Jackets.
Shots for this period are 10 for Red Wings vs 10 for Blue Jackets.


Output by the SimonT Hockey Simulator (STHS) for François Prévost -- Original Page W3C XHTML 1.0 Valid
Hockey Simulator - Hockey Simulation - Hockey Manager